 Dungeon Crawl Stone Soup version 0.24.0-13-gcf9b319 (webtiles) character file.

Game seed: 613233185328338915, levelgen mode: deterministic

38 Bronimir the Gusty (level 3, 0/20 HPs)
             Began as a Tengu Air Elementalist on Apr 9, 2020.
             Slain by an ooze (3 damage)
             ... on level 2 of the Dungeon.
             The game lasted 00:02:16 (971 turns).

Bronimir the Gusty (Tengu Air Elementalist)          Turns: 971, Time: 00:02:16

Health: 0/20       AC:  2    Str:  8    XL:     3   Next: 43%
Magic:  4/7        EV: 12    Int: 16    God:
Gold:   46         SH:  0    Dex: 14    Spells: 3/6 levels left

rFire    . . .     SeeInvis .   i - +0 flail
rCold    . . .     Gourm    .   (no shield)
rNeg     . . .     Faith    .   a - +0 robe
rPois    .         Spirit   .   (helmet restricted)
rElec    .         Reflect  .   (no cloak)
rCorr    .         Harm     .   (no gloves)
MR       .....                  (boots unavailable)
Stlth    ++........             (no amulet)
HPRegen  0.06/turn              (no ring)
MPRegen  0.10/turn              (no ring)

@: very slightly contaminated
A: beak, talons 3
a: no special abilities


You were on level 2 of the Dungeon.
You were not hungry.

You visited 1 branch of the dungeon, and saw 2 of its levels.

You collected 46 gold pieces.

Inventory:

Hand Weapons
 i - a +0 flail (weapon)
Missiles
 f - 15 sling bullets
 j - 49 stones (quivered)
Armour
 a - a +0 robe (worn)
Scrolls
 g - 2 scrolls of identify {unknown}
 h - a scroll of random uselessness {unknown}
 k - a scroll of immolation {unknown}
 m - 3 scrolls of teleportation {unknown}
 n - a scroll of magic mapping {unknown}
Potions
 b - a potion of resistance {unknown}
 d - a potion of degeneration {unknown}
 e - a potion of brilliance {unknown}
 l - a potion of lignification {unknown}
Comestibles
 c - 4 rations


   Skills:
 * Level 0.5 Fighting
 * Level 0.5 Armour
 + Level 2.2 Dodging
 - Level 2.0 Stealth
 + Level 2.1 Spellcasting
 * Level 2.2 Conjurations
 * Level 5.0 Air Magic


You had 3 spell levels left.
You knew the following spells:

 Your Spells              Type           Power        Failure   Level  Hunger
a - Shock                 Conj/Air       ##..         4%          1    #......
b - Swiftness             Chrm/Air       #.......     11%         2    ###....

Your spell library contained the following spells:

 Spells                   Type           Power        Failure   Level  Hunger
 Static Discharge         Conj/Air       ##......     14%         3    ###....
 Airstrike                Air            ###.......   26%         4    #####..
 Lightning Bolt           Conj/Air       ##........   77%         5    ######.


Dungeon Overview and Level Annotations

Branches:
Dungeon (2/15)

Altars:


Innate Abilities, Weirdness & Mutations

You have a beak for a mouth.
You have claws for feet.


Message History

The ooze is heavily wounded.
The ooze hits you.
Casting: Shock (safe; 4% risk of failure)
Confirm with . or Enter, or press ? or * to list all spells.
Aiming: Shock (safe; 4% risk of failure)
Press: ? - help, Shift-Dir - straight line, f/p - ooze
Aim: an ooze (heavily wounded)
You miscast Shock.
You are very lightly contaminated with residual magic.
You are blasted with air!
The ooze hits you.
* * * LOW HITPOINT WARNING * * *
Casting: Shock (safe; 4% risk of failure)
Confirm with . or Enter, or press ? or * to list all spells.
Aiming: Shock (safe; 4% risk of failure)
Press: ? - help, Shift-Dir - straight line, f/p - ooze
Aim: an ooze (heavily wounded)
The zap hits the ooze.
The ooze is severely wounded.
The ooze hits you.
You die...

#....>#####.
##............... ##...
#..........# .. #..##
.$....[....# #.##.##
#...<.>....# ####.#..# #
#..........# #......## #
#..........###......####
........................
#...J@.# ####......†.
######.## ##.#.####
#..## ##...# ##[.#
##..#....#
###.####..##....#
#..........####..
#....>...†.# ..
#..........# .
#..........#


You could see an ooze.

Vanquished Creatures
  An adder (D:2)
  A dart slug (D:1)
  A leopard gecko (D:2)
  2 ball pythons
  3 bats (D:1)
  2 goblins (D:1)
  3 hobgoblins
  2 jackals (D:1)
  2 kobolds (D:1)
  2 frilled lizards
  5 rats
24 creatures vanquished.

Notes
Turn   | Place    | Note
-------+----------+-------------------------------------------
     0 | D:1      | Bronimir the Tengu Air Elementalist began the quest for the
                  | Orb.
     0 | D:1      | Reached XP level 1. HP: 10/10 MP: 4/4
   144 | D:1      | Reached XP level 2. HP: 15/15 MP: 1/6
   355 | D:1      | Learned a level 2 spell: Swiftness
   803 | D:2      | Reached XP level 3. HP: 20/20 MP: 4/7
   807 | D:2      | Reached skill level 5 in Air Magic
   971 | D:2      | Slain by an ooze

Levels and vault maps discovered:
D:1:      grunt_arrival_lava_bath, layout_basic, minivault_23
D:2:      layout_rooms, first_ration, minmay_rat_gold_closets

Skill      XL: |  1  2  3 |
---------------+----------+-----
Conjurations   | 2 |  2.2
Air Magic      | 5 |  5.0
Fighting       | |  0.5
Armour         | |  0.5
Dodging        | |  2.2
Stealth        | |  2.0
Spellcasting   | |  2.1

Action                   || total
-------------------------++-------
Melee: Unarmed           ||     5
       Kick              ||     4
       Flail             ||     9
       Peck              ||     1
 Cast: Shock             ||    35
 Stab: Sleeping          ||     2
  Eat: Chunk             ||     1
Armor: Robe              ||     3
Dodge: Dodged            ||    13
